 Dungeon Crawl Stone Soup version 0.20-a0-1126-g0f15420 (webtiles) character file.

309 JeffiDaFish the Shield-Bearer (level 6, -3/38 HPs)
             Began as a Gargoyle Fighter on May 17, 2017.
             Was an Initiate of Okawaru.
             Slain by shinino's ghost (5 damage)
             ... on level 4 of the Dungeon.
             The game lasted 00:06:21 (3121 turns).

JeffiDaFish the Shield-Bearer (Gargoyle Fighter)    Turns: 3121, Time: 00:06:21

Health: -3/38      AC: 17    Str: 20    XL:     6   Next: 41%
Magic:  6/6        EV:  4    Int:  8    God:    Okawaru [......]
Gold:   249        SH: 10    Dex: 11    Spells: 5/5 levels left

rFire    . . .     SeeInvis .   a - +1 flail
rCold    + . .     Gourm    .   c - +0 shield
rNeg     + . .     Faith    .   e - +0 plate armour
rPois    ∞         Spirit   .   l - +0 helmet
rElec    +         Reflect  .   (no cloak)
rCorr    .         Harm     .   (no gloves)
MR       .....                  (no boots)
Stlth    ..........             (no amulet)
Regen    0.2/turn               h - ring of protection from cold
MPRegen  0.1/turn               (no ring)

@: no status effects
A: mutation resistance 1, negative energy resistance 1, electricity resistance,
unbreathing, petrification resistance, rot immunity, AC +4
a: Renounce Religion


You were on level 4 of the Dungeon.
You worshipped Okawaru.
Okawaru was noncommittal.
You were not hungry.

You visited 1 branch of the dungeon, and saw 4 of its levels.

You collected 249 gold pieces.

Inventory:

Hand Weapons
 a - a +1 flail (weapon)
Armour
 c - a +0 shield (worn)
 e - a +0 plate armour (worn)
 l - a +0 helmet (worn)
Jewellery
 h - a ring of protection from cold (left hand)
Wands
 k - a wand of polymorph (14/24)
Scrolls
 g - a scroll of identify
 j - a scroll of magic mapping
Comestibles
 b - 9 chunks of flesh
 f - 3 bread rations
 i - a meat ration


   Skills:
 + Level 4.2 Fighting
 + Level 4.4 Maces & Flails
 + Level 3.9 Armour
 + Level 0.1 Dodging
 + Level 0.2 Stealth
 + Level 5.0 Shields
 + Level 0.2 Unarmed Combat


You had 5 spell levels left.
You didn't know any spells.

Dungeon Overview and Level Annotations

Branches:
Dungeon (4/15)
 Temple: D:4-7

Altars:
Dithmenos
Fedhas
Okawaru
Qazlal

Annotations:
D:4 shinino's ghost, amateur MiBe


Innate Abilities, Weirdness & Mutations

You are resistant to torment.
Your stone body is resilient. (AC +4)
You are immune to poison.
You resist negative energy. (rN+)
You are resistant to electric shocks. (rElec)
You can survive without breathing.
You are immune to petrification.
You are immune to rotting.
You are somewhat resistant to further mutation.


Message History

Okay, then.
You bludgeon shinino's ghost!!
Shinino's ghost is severely damaged.
You block shinino's ghost's attack. x2
You closely miss shinino's ghost.
Shinino's ghost is severely damaged.
Shinino's ghost hits you.
* * * LOW HITPOINT WARNING * * *
Your shield and plate armour prevent you from hitting shinino's ghost.
Shinino's ghost is severely damaged.
Shinino's ghost hits you.
* * * LOW HITPOINT WARNING * * *
You hit shinino's ghost.
Shinino's ghost is severely damaged.
Shinino's ghost hits you.
* * * LOW HITPOINT WARNING * * *
You hit shinino's ghost.
Shinino's ghost is severely damaged.
Shinino's ghost hits you.
You die...

..........
..?........ #...
........$. .....
........## ....
#...?....# #. #...
#......... #..
##...###.........
##...
#....#...W.......
#...#
#......@†.###.
...# #....###..#
..## #.##.####.#
.## ###......#.#
.# ##......###.#
.## ##........#
... ..##
###........## ...
...####........###
..
#.............##


You could see shinino's ghost.

Vanquished Creatures
  An orc wizard (D:3)
  Jessica (D:3)
  Natasha (twice) (D:3)
  2 worker ants (D:4)
  The ghost of Heathenbot the Magician, a weakling DsWz (D:3)
  4 gnolls (D:2)
  An adder (D:2)
  4 worms (D:2)
  3 dart slugs
  A leopard gecko (D:1)
  5 orcs (D:3)
  A ball python (D:2)
  7 bats
  4 giant cockroaches (D:3)
  9 goblins
  7 hobgoblins
  5 jackals
  6 kobolds
  A quokka (D:4)
  5 frilled lizards
  5 rats
75 creatures vanquished.

Notes
Turn   | Place    | Note
-------+----------+-------------------------------------------
     0 | D:1      | JeffiDaFish the Gargoyle Fighter began the quest for the Orb.
     0 | D:1      | Reached XP level 1. HP: 14/14 MP: 1/1
   250 | D:1      | Gained mutation: You are somewhat resistant to further mutation. [potion of mutation]
   268 | D:1      | Reached XP level 2. HP: 19/19 MP: 2/2
   690 | D:1      | Reached XP level 3. HP: 22/23 MP: 3/3
  1001 | D:2      | Found a shadowy altar of Dithmenos.
  1183 | D:2      | Reached skill level 4 in Shields
  1204 | D:2      | Reached XP level 4. HP: 29/29 MP: 4/4
  1388 | D:2      | Found an iron altar of Okawaru.
  1399 | D:2      | Became a worshipper of Warmaster Okawaru
  1655 | D:3      | Reached XP level 5. HP: 31/33 MP: 5/5
  1804 | D:3      | Noticed Natasha
  1818 | D:3      | Killed Natasha
  2085 | D:3      | Found a stormy altar of Qazlal.
  2228 | D:3      | Found a blossoming altar of Fedhas.
  2414 | D:3      | Found a faded altar of an unknown god.
  2509 | D:3      | Noticed Jessica
  2514 | D:3      | Killed Jessica
  2912 | D:3      | Noticed Natasha
  2928 | D:3      | Killed Natasha
  2928 | D:3      | Reached skill level 5 in Shields
  2928 | D:3      | Reached XP level 6. HP: 29/38 MP: 6/6
  2989 | D:3      | Noticed Heathenbot's ghost (weakling DsWz)
  2993 | D:3      | Killed Heathenbot's ghost
  3103 | D:4      | Noticed shinino's ghost (amateur MiBe)
  3121 | D:4      | Slain by shinino's ghost

Vault maps used:
D:1:      dpeg_arrival_rhombi
D:2:      lemuel_crystal_altar, lemuel_round_altar, minmay_unequal
D:3:      grunt_temple_overflow_forces_of_nature,
          chequers_ecumenical_altar_simple, uniq_jessica, uniq_natasha
D:4:      nicolae_overflow_crystal_walls, first_bread

Skill      XL: |  1  2  3  4  5 |
---------------+----------------+-----
Shields        | 4 5 |  5.0
Maces & Flails | 3 4 |  4.4
Fighting       | 4 |  4.2
Armour         | |  3.9
Dodging        | |  0.1
Stealth        | |  0.2
Unarmed Combat | |  0.2

Action                   |  1- 3 |  4- 6 || total
-------------------------+-------+-------++-------
Melee: Flail             |   158 |   196 ||   354
       Unarmed           |       |     1 ||     1
  Use: Scroll            |     7 |     3 ||    10
       Potion            |     2 |     4 ||     6
  Eat: Chunk             |     1 |     7 ||     8
Armor: Plate armour      |   114 |   244 ||   358
Dodge: Dodged            |    17 |    51 ||    68
Block: Shield            |    87 |   164 ||   251
